AoeStats
← flegrea44

Arena

509623639Analyzed
4v4 RM · 6d ago on Sep 27, 2026· 39m 48s· 8 players
Game mode
Random Map
Map size
Large (8 player)
Population
200
Speed
Normal
Resources
Standard
Victory
Conquest
Starting age
Dark Age
Ending age
Imperial Age
RankedLock teamsTeams togetherTeam positionsShared explorationLock speedFull tech treeHidden civsTurbo modeCheats
Victory
Defeat
🇨🇦 Ethiopians · Canada
1257
+12
🇫🇷 Britons · France
1232
+13
🇨🇦 Persians · Canada
1228
+14
🇨🇦 Varangians · Canada
1189
+15
🇬🇧 Berbers · United Kingdom
1196
-15
🇳🇱 Turks · Netherlands
1170
-13
🇦🇷 Bulgarians · Argentina
1170
-13
🇮🇹 Franks · Italy
1168
-13
jamo
10:02 Feudal Age
15:06 Castle Age
14:00 Double-Bit Axe
14:10 Horse Collar
14:38 Stone Mining
23:07 Bow Saw
24:17 Heavy Plow
26:43 Wheelbarrow
26:47 Husbandry
26:58 Bloodlines
30:33 Imperial Age
28:09 Gold Mining
29:58 Stone Shaft Mining
30:42 Scale Barding Armor
30:28 Fletching
30:38 Padded Archer Armor
30:49 Forging
32:05 Chain Barding Armor
34:33 Heavy Camel Rider
36:15 Crop Rotation
36:03 Hand Cart
35:34 Town Watch
36:30 Conscription
36:13 Maghrebi Camels
36:28 Bodkin Arrow
36:49 Leather Archer Armor
KillerINSTIC
10:27 Feudal Age
10:14 Loom
15:29 Castle Age
13:46 Horse Collar
13:52 Double-Bit Axe
16:40 Wheelbarrow
16:41 Bow Saw
16:33 Heavy Plow
28:01 Bloodlines
28:03 Forging
28:01 Scale Barding Armor
30:52 Imperial Age
28:11 Town Watch
30:15 Iron Casting
30:01 Chain Barding Armor
29:44 Husbandry
30:38 Town Patrol
30:56 Hand Cart
31:47 Cavalier
32:31 Gold Mining
32:32 Stone Mining
32:36 Fletching
33:12 Padded Archer Armor
35:01 Plate Barding Armor
33:59 Elite Genitour
34:51 Bodkin Arrow
35:06 Siege Engineers
36:06 Caravan
37:59 Blast Furnace
38:18 Gold Shaft Mining
38:20 Stone Shaft Mining
37:33 Light Cavalry
38:14 Murder Holes
Deer in an Ibex Suit
9:18 Loom
11:04 Feudal Age
12:22 Horse Collar
15:47 Castle Age
14:14 Double-Bit Axe
14:54 Gold Mining
21:51 Imperial Age
22:38 Padded Archer Armor
24:13 Town Watch
27:07 Leather Archer Armor
27:49 Wheelbarrow
29:08 Stone Mining
29:29 Bow Saw
29:20 Heavy Plow
30:42 Fletching
38:42 Hand Cart
39:12 Ring Archer Armor
flegrea44
10:51 Feudal Age
14:28 Castle Age
12:16 Double-Bit Axe
18:28 Wheelbarrow
20:29 Forging
20:36 Bow Saw
24:16 Gold Mining
26:11 Stone Mining
28:10 Gold Shaft Mining
27:52 Scale Barding Armor
28:13 Loom
28:44 Husbandry
29:19 Hand Cart
28:50 Town Watch
30:54 Iron Casting
31:00 Chain Barding Armor
33:18 Imperial Age
31:58 Town Patrol
34:57 Plate Barding Armor
34:04 Cavalier
36:33 Blast Furnace
35:30 Cavalier
37:20 Paladin
LMB. LouisLitt
10:00 Feudal Age
11:14 Double-Bit Axe
13:42 Castle Age
13:01 Horse Collar
14:56 Bow Saw
15:24 Heavy Plow
18:38 Loom
20:38 Wheelbarrow
20:47 Town Watch
22:04 Hand Cart
23:29 Gold Mining
23:30 Stone Mining
23:30 Crossbowman
24:02 Fletching
24:48 Ballistics
25:58 Bodkin Arrow
26:04 Padded Archer Armor
26:54 Thumb Ring
32:21 Imperial Age
31:21 Gold Shaft Mining
32:27 Leather Archer Armor
33:28 Bracer
34:30 Chemistry
33:03 Arbalester
34:37 Masonry
34:05 Capped Ram
37:21 Squires
38:47 Two-Man Saw
40:05 Ring Archer Armor
39:23 Siege Ram
LMB.Soulou
10:20 Feudal Age
14:22 Castle Age
13:31 Horse Collar
14:21 Double-Bit Axe
17:31 Loom
19:54 Bow Saw
20:54 Heavy Plow
22:19 Wheelbarrow
23:48 Gold Mining
24:19 Hand Cart
24:19 Scale Barding Armor
24:29 Forging
25:13 Gold Shaft Mining
25:43 Husbandry
25:57 Bloodlines
26:16 Chain Barding Armor
27:25 Iron Casting
33:53 Imperial Age
33:40 Cavalier
34:57 Plate Barding Armor
35:23 Blast Furnace
35:11 Savar
LMB.TheDutchKing
10:44 Feudal Age
14:59 Castle Age
13:30 Double-Bit Axe
17:03 Bow Saw
16:38 Horse Collar
17:38 Heavy Plow
17:47 Loom
22:25 Wheelbarrow
22:41 Gold Mining
25:10 Hand Cart
25:52 Town Watch
29:12 Imperial Age
26:59 Scale Mail Armor
27:09 Forging
27:37 Town Patrol
27:41 Stone Mining
27:52 Gambesons
28:07 Squires
27:54 Arson
29:09 Stone Shaft Mining
29:18 Chain Mail Armor
29:39 Iron Casting
31:14 Two-Man Saw
30:35 Elite Varangian Guard
31:52 Plate Mail Armor
32:22 Blast Furnace
32:56 Blast Furnace
31:46 Fletching
39:21 Bodkin Arrow
39:51 Ballistics
40:32 Chemistry
39:54 Siege Engineers
gal.theo
10:21 Feudal Age
11:46 Loom
14:55 Castle Age
12:59 Double-Bit Axe
13:00 Horse Collar
16:28 Wheelbarrow
15:38 Town Watch
16:58 Bow Saw
23:40 Fletching
23:50 Padded Archer Armor
28:16 Imperial Age
26:00 Stone Mining
26:07 Gold Mining
27:27 Bodkin Arrow
27:48 Leather Archer Armor
28:06 Ballistics
27:45 Murder Holes
30:03 Chemistry
29:41 Conscription
29:21 Pikeman
30:18 Halberdier
32:34 Bracer
33:11 Gambesons
33:27 Squires
34:42 Ring Archer Armor
34:14 Scale Mail Armor
35:52 Forging
35:44 Elite Longbowman
38:46 Chain Mail Armor
38:40 Arson
Connection lost

Rejoining the realm…

Still unreachable

The connection could not be restored.

Session expired

The server has moved on; the page needs a fresh start.